 Dungeon Crawl Stone Soup version 0.28.0-45-g0d030f2227 (webtiles) character file.

Game seed: 11998376632119583393

29556 Peloso the Fencer (level 13, -5/119 HPs)
             Began as a Minotaur Fighter on Apr 10, 2022.
             Was a High Priest of Okawaru.
             Slain by a komodo dragon (10 damage)
             ... on level 3 of the Lair of Beasts.
             The game lasted 00:28:13 (15706 turns).

Peloso the Fencer (Minotaur Fighter)               Turns: 15706, Time: 00:28:14

Health: -5/119     AC: 25    Str: 29    XL:     13   Next: 15%
Magic:  10/12      EV: 12    Int:  5    God:    Okawaru [*****.]
Gold:   871        SH:  7    Dex: 13    Spells: 12/12 levels left

rFire   . . .      SeeInvis .   a - +3 scimitar (flame)
rCold   + . .      Faith    +   c - +0 buckler
rNeg    . . .      Spirit   .   R - +2 plate armour {rC+}
rPois   .          Reflect  .   e - +0 hat
rElec   .          Harm     .   (no cloak)
rCorr   .          Rampage  .   P - +2 pair of gloves
Will    .....                   (no boots)
Stlth   ..........              J - amulet of faith
HPRegen 0.29/turn               r - ring of flight
MPRegen 0.13/turn               x - +6 ring of strength

@: heroic, flying
A: horns 2, retaliatory headbutt
a: Renounce Religion, Heroism, Finesse, Duel


You were on level 3 of the Lair of Beasts.
You worshipped Okawaru.
Okawaru was extremely pleased with you.
You visited 3 branches of the dungeon, and saw 16 of its levels.
You also visited: Sewer.

You collected 985 gold pieces.
You spent 114 gold pieces at shops.

Inventory:

Hand Weapons
 a - a +3 scimitar of flaming (weapon)
 b - a +1 long sword
Missiles
 u - 3 throwing nets (quivered)
Armour
 c - a +0 buckler (worn)
 e - a +0 hat (worn)
 P - a +2 pair of gloves (worn)
 R - a +2 plate armour of cold resistance (worn)
Jewellery
 j - a ring of fire
 m - a ring of wizardry
 n - an amulet of regeneration
 r - a ring of flight (left hand)
 x - a +6 ring of strength (right hand)
 I - a +4 ring of evasion
 J - an amulet of faith (around neck)
 L - a +4 ring of evasion
 O - a +6 ring of strength
Wands
 w - a wand of mindburst (12)
 C - a wand of flame (36)
 Q - a wand of iceblast (1)
Scrolls
 g - a scroll of brand weapon
 h - a scroll of fog
 i - 3 scrolls of enchant weapon
 q - 2 scrolls of torment {unknown}
 v - 5 scrolls of fear {unknown}
 y - a scroll of summoning {unknown}
 A - a scroll of magic mapping
 B - 11 scrolls of identify
 D - 3 scrolls of enchant armour {unknown}
 E - 4 scrolls of immolation {unknown}
 F - 3 scrolls of teleportation {unknown}
 M - a scroll of holy word {unknown}
Potions
 d - 5 potions of might
 f - 2 potions of degeneration {unknown}
 k - a potion of magic {unknown}
 l - a potion of resistance
 o - 3 potions of brilliance
 p - a potion of invisibility {unknown}
 s - a potion of heal wounds {unknown}
 t - 3 potions of curing
 z - 6 potions of haste
 G - a potion of flight {unknown}
 H - a potion of mutation {unknown}
 K - a potion of berserk rage {unknown}
 N - a potion of ambrosia {unknown}


   Skills:
 + Level 12.5(17.5) Fighting
 + Level 15.5(20.5) Long Blades
 + Level 15.3(20.3) Armour
 + Level 4.1(9.1) Dodging
 + Level 2.3(7.3) Stealth
 + Level 8.9(13.9) Shields
 + Level 0.8 Invocations
 + Level 3.2 Evocations


You had 12 spell levels left.
You didn't know any spells.
Your spell library contained the following spells:

 Spells                   Type           Power      Damage    Failure   Level
 Foxfire                  Conj/Fire      0%         2x1d4     95%         1
 Magic Dart               Conj           0%         1d3       95%         1
 Shock                    Conj/Air       0%         1d3       95%         1
 Searing Ray              Conj           0%         2d4       98%         2
 Conjure Flame            Conj/Fire      0%         6-21      100%        3
 Ignite Poison            Fire/Tmut/Pois 0%         N/A       100%        3
 Inner Flame              Hex/Fire       0%         N/A       100%        3
 Swiftness                Air            0%         N/A       100%        3
 Airstrike                Air            0%         N/A       100%        4
 Flame Wave               Conj/Fire      0%         2d4       100%        4
 Fulminant Prism          Conj/Hex       0%         3d6       100%        4
 Olgreb's Toxic Radiance  Pois           0%         N/A       100%        4
 Passage of Golubria      Tloc           0%         N/A       100%        4
 Petrify                  Tmut/Erth      0%         N/A       100%        4
 Sticky Flame             Conj/Fire      0%         2d3       100%        4
 Metabolic Englaciation   Hex/Ice        0%         N/A       100%        5
 Yara's Violent Unravell  Hex/Tmut       0%         3d3       100%        5
 Statue Form              Tmut/Erth      0%         N/A       100%        6
 Orb of Destruction       Conj           0%         9d5       100%        7
 Ozocubu's Refrigeration  Ice            0%         4d5       100%        7
 Ignition                 Fire           0%         3d3       100%        8
 Summon Guardian Golem    Hex/Summ       Unusable   N/A       N/A         3
 Tukima's Dance           Hex            Unusable   N/A       N/A         3
 Spellforged Servitor     Conj/Summ      Unusable   N/A       N/A         7

Dungeon Overview and Level Annotations

Branches:
Dungeon (10/15)            Temple (1/1) D:6            Lair (5/6) D:8
 Shoals (0/4) Lair:2        Snake (0/4) Lair:2        Sewer (visited)
  Slime: Lair:5-6       Orc: D:9-12

Altars:
Ashenzari
Cheibriados
Dithmenos
Elyvilon
Fedhas
Gozag
Hepliaklqana
Kikubaaqudgha
Makhleb
Nemelex Xobeh
Okawaru
Qazlal
Ru
Sif Muna
Trog
Uskayaw
Vehumet
Wu Jian
Xom
Yredelemnul
Zin
The Shining One
Lugonu

Shops:
D:5 ?   D:7 *

Annotations:
D:9 3 runed translucent doors, exclusion: statue, Vangrel's ghost, journeyman FoFi
Lair:1 exclusion: oklob plant


Innate Abilities, Weirdness & Mutations

You have a pair of horns on your head.
You reflexively headbutt those who attack you in melee.


Message History

The water moccasin bites you but does no damage.
The blink frog blinks!
You feel better.
The water moccasin bites you but does no damage.
The blink frog blinks!
The water moccasin bites you but does no damage.
You gain the combat prowess of a mighty hero.
The water moccasin closely misses you.
You slash the water moccasin! You burn the water moccasin.
Your headbutt misses the water moccasin.
The water moccasin is heavily wounded.
The water moccasin closely misses you.
The komodo dragon bites you but does no damage.
Unknown command.
You slash the water moccasin! You burn the water moccasin.
You kill the water moccasin!
Okawaru accepts your kill. The komodo dragon barely misses you.
The komodo dragon bites you but does no damage.
Unknown command.
You hit the komodo dragon but do no damage.
You headbutt the komodo dragon, but do no damage.
Unknown command.
You slash the komodo dragon! You burn the komodo dragon.
The komodo dragon is moderately wounded.
The komodo dragon barely misses you. The komodo dragon bites you!
* * * LOW HITPOINT WARNING * * *
The blink frog hits you but does no damage.
Unknown command.
You slash the komodo dragon! You burn the komodo dragon.
The komodo dragon is heavily wounded.
You block the blink frog's attack. The komodo dragon bites you.
* * * LOW HITPOINT WARNING * * *
The komodo dragon bites you but does no damage.
Unknown command.
You feel better. You block the blink frog's attack.
The komodo dragon bites you!
* * * LOW HITPOINT WARNING * * *
The komodo dragon bites you!
You die...

P...≈≈≈≈≈≈≈≈
#P........#....≈≈≈≈≈≈≈
.........#.....≈≈≈.≈≈
#........#.......>.≈≈
#.........PP.PP...}..
#...... ..P..........
##..... .........†###
#.....#####...#....#
#..l@#........††..##
##..lF#.............#
#..............††..P#
##....+........P"†..#
#.....##....#.P....##.
##....................
#P.....l..............
##.........##..#......
#...###.#..#..........


You could see 2 komodo dragons and a blink frog.

Vanquished Creatures
  Josephine (D:10)
  Harold (D:8)
  A boulder beetle (D:7)
  2 hydras
  Erica (D:8)
  A death knight (D:10)
  A death yak (Lair:5)
  Pikel (D:9)
  A deep elf pyromancer (D:9)
  A manticore (D:9)
  An ugly thing (D:9)
  A torpor snail (Lair:5)
  2 black mambas
  9 cane toads
  2 rime drakes
  Psyche (D:9)
  A tengu conjurer (D:9)
  5 komodo dragons
  11 blink frogs
  A snapping turtle (Lair:2)
  2 shadows
  5 wyverns
  40 yaks
  4 wraiths (D:10)
  A basilisk (Lair:3)
  A steam dragon (D:8)
  3 wargs (D:8)
  A vampire mosquito (D:7)
  2 nagas (Lair:2)
  An acid dragon (D:10)
  Duvessa (D:6)
  14 water moccasins
  3 ice beasts
  5 orc warriors
  A necrophage (D:5)
  2 ogres
  5 centaurs
  A phantom (D:4)
  3 lemures (D:9)
  4 kobold brigands
  11 bullfrogs
  2 gnoll sergeants
  3 scorpions
  A wyvern skeleton (D:7)
  Dowan (D:6)
  5 killer bees (D:9)
  5 wights (D:6)
  A vampire bat (D:3)
  7 crimson imps (D:9)
  A bullfrog zombie (D:6)
  2 jellies
  5 hounds
  6 orc priests
  2 centaur skeletons
  2 bullfrog skeletons (D:6)
  8 iguanas
  7 orc wizards
  2 killer bee zombies
  A hound zombie (D:5)
  A hound skeleton (D:4)
  17 gnolls
  A howler monkey skeleton (D:7)
  14 adders
  4 river rats
  5 white imps
  4 dart slugs
  3 fire bats (D:3)
  32 orcs
  2 spectral bats (D:3)
  3 bat skeletons (D:3)
  A bat zombie (D:3)
  12 endoplasms
  5 giant cockroaches
  3 goblins
  6 hobgoblins
  12 jackals
  14 kobolds
  8 quokkas
  10 ball pythons
  15 bats
  A bat simulacrum (D:3)
  5 frilled lizards
  10 rats
404 creatures vanquished.

Vanquished Creatures (others)
  3 kobolds (D:8)
  3 fungi
  31 plants
37 creatures vanquished.

Grand Total: 441 creatures vanquished

Notes
Turn   | Place    | Note
-------+----------+-------------------------------------------
     0 | D:1      | Peloso the Minotaur Fighter began the quest for the Orb.
     0 | D:1      | Reached XP level 1. HP: 19/19 MP: 0/0
   160 | D:1      | Reached XP level 2. HP: 27/27 MP: 1/1
   287 | D:1      | Found a faded altar of an unknown god.
   492 | D:1      | Reached XP level 3. HP: 32/33 MP: 2/2
  1195 | D:2      | Reached skill level 1 in Dodging
  1195 | D:2      | Reached XP level 4. HP: 40/40 MP: 3/3
  2010 | D:2      | Reached XP level 5. HP: 41/47 MP: 4/4
  2274 | D:3      | Found a glowing drain.
  2366 | Sewer    | Entered a sewer
  2408 | Sewer    | Reached skill level 5 in Armour
  2434 | Sewer    | Reached XP level 6. HP: 30/53 MP: 5/5
  2810 | Sewer    | Reached skill level 5 in Long Blades
  3086 | Sewer    | Reached skill level 1 in Stealth
  3711 | D:3      | Reached skill level 5 in Fighting
  4088 | D:3      | Reached XP level 7. HP: 61/61 MP: 6/6
  4985 | D:4      | Found a hide-covered altar of Uskayaw.
  5186 | D:4      | Reached skill level 5 in Shields
  5280 | D:4      | Found a hazy altar of Hepliaklqana.
  5284 | D:4      | Found a stormy altar of Qazlal.
  5296 | D:4      | Found a blossoming altar of Fedhas.
  5500 | D:4      | Reached XP level 8. HP: 70/70 MP: 7/7
  5627 | D:5      | Entered Level 5 of the Dungeon
  5717 | D:5      | Found a shadowy altar of Dithmenos.
  5791 | D:5      | Found Hiz Zawi's Magic Scroll Boutique.
  5837 | D:5      | Bought a scroll of identify for 24 gold pieces
  5837 | D:5      | Bought a scroll of magic mapping for 42 gold pieces
  5837 | D:5      | Bought a scroll of identify for 24 gold pieces
  5837 | D:5      | Bought a scroll of identify for 24 gold pieces
  5945 | D:5      | Found a shimmering altar of Xom.
  5945 | D:5      | Found an ancient bone altar of Kikubaaqudgha.
  6208 | D:5      | Found a glowing silver altar of Zin.
  6379 | D:6      | Noticed Duvessa
  6380 | D:6      | Noticed Dowan
  6386 | D:6      | Killed Duvessa
  6399 | D:6      | Killed Dowan
  6659 | D:6      | Reached XP level 9. HP: 72/79 MP: 8/8
  6718 | D:6      | Found a burning altar of Makhleb.
  6727 | D:6      | Found a staircase to the Ecumenical Temple.
  6761 | Temple   | Entered the Ecumenical Temple
  7297 | D:6      | Found a basalt altar of Yredelemnul.
  7342 | D:6      | Found an ornate altar of the Wu Jian Council.
  7564 | D:7      | Found Kedinni's CLEARANCE SALE!.
  7607 | D:7      | Noticed a boulder beetle
  7621 | D:7      | Killed a boulder beetle
  7622 | D:7      | Reached skill level 1 in Evocations
  7716 | D:7      | Reached skill level 10 in Armour
  7825 | D:7      | Reached skill level 10 in Long Blades
  7915 | D:7      | Reached XP level 10. HP: 87/88 MP: 9/9
  8139 | D:7      | Found a bloodstained altar of Trog.
  8544 | D:8      | Noticed Erica
  8697 | D:8      | Killed Erica
  8829 | D:8      | Noticed Harold
  8844 | D:8      | Killed Harold
  8859 | D:8      | Found a staircase to the Lair.
  9127 | D:9      | Found a runed translucent gate.
  9127 | D:9      | Found a runed translucent gate.
  9127 | D:9      | Noticed a spectral centaur warrior
  9128 | D:9      | Found a runed translucent gate.
  9131 | D:9      | Noticed a spectral centaur warrior
  9131 | D:9      | Noticed Vangrel's ghost (journeyman FoFi)
  9315 | D:9      | Noticed a deep elf pyromancer
  9322 | D:9      | Killed a deep elf pyromancer
  9374 | D:9      | Noticed Psyche
  9375 | D:9      | Noticed Pikel
  9385 | D:9      | Killed Psyche
  9402 | D:9      | Killed Pikel
  9403 | D:9      | Reached XP level 11. HP: 69/97 MP: 10/10
  9490 | D:9      | Noticed a brown ugly thing
  9497 | D:9      | Killed a brown ugly thing
  9585 | D:9      | Found a radiant altar of Vehumet.
 10125 | D:10     | Entered Level 10 of the Dungeon
 10133 | D:10     | Noticed Josephine
 10156 | D:10     | Killed Josephine
 10199 | D:10     | Found a shimmering blue altar of Sif Muna.
 10248 | D:10     | Reached skill level 10 in Fighting
 10301 | D:10     | Found an iron altar of Okawaru.
 10495 | D:10     | Became a worshipper of Warmaster Okawaru
 10601 | D:10     | Noticed a four-headed hydra
 10601 | D:10     | Noticed a death knight
 10641 | D:10     | Killed a death knight
 10641 | D:10     | Reached * piety under Okawaru
 10772 | D:10     | Killed a one-headed hydra
 11130 | Lair:1   | Entered Level 1 of the Lair of Beasts
 11150 | Lair:1   | Reached ** piety under Okawaru
 11309 | Lair:1   | Noticed an oklob plant
 11521 | Lair:1   | Reached *** piety under Okawaru
 11522 | Lair:1   | Reached XP level 12. HP: 80/110 MP: 11/11
 12462 | Lair:1   | Reached **** piety under Okawaru
 13689 | Lair:2   | Found a staircase to the Snake Pit.
 14011 | Lair:2   | Noticed a five-headed hydra
 14020 | Lair:2   | Killed a one-headed hydra
 14020 | Lair:2   | Reached ***** piety under Okawaru
 14069 | Lair:2   | Received a gift from Okawaru
 14550 | Lair:2   | Found a staircase to the Shoals.
 14564 | Lair:2   | Reached skill level 15 in Long Blades
 14878 | Lair:3   | You are sucked into a shaft and drop 2 floors!
 14878 | Lair:5   | Noticed a death yak
 14888 | Lair:5   | Killed a death yak
 15020 | Lair:4   | Reached skill level 15 in Armour
 15247 | Lair:5   | Reached XP level 13. HP: 112/118 MP: 12/12
 15295 | Lair:4   | Received a gift from Okawaru
 15706 | Lair:3   | HP: 5/119 [komodo dragon (13)]
 15706 | Lair:3   | Slain by a komodo dragon

Illustrated notes

Levels and vault maps discovered:
D:1:      dpeg_arrival_connections, layout_loops_ring,
          hellmonk_ecumenical_altar_heavens_door, minmay_tetromino_s4
D:2:      layout_basic
D:3:      layout_loops_ring, serial_forest, infiniplex_forest_clump_tiny,
          infiniplex_forest_clump_diagonal, infiniplex_forest_clump_small,
          infiniplex_forest_pool, infiniplex_forest_side_room,
          infiniplex_forest_lined_4_way, portal_sewer_entry_a, goddamned_bats
D:4:      layout_basic, eat_drink_and_be_merry_uskayaw,
          grunt_temple_overflow_diamond
D:5:      layout_basic, grunt_dithmenos_smoke_and_mirrors, zin_statuary,
          gammafunk_temple_overflow_pools, serial_shops, shop
D:6:      layout_basic, lemuel_crystal_altar, lemuel_doored_altar,
          mainiacjoe_overflow_alcove_1, minmay_temple_entry_statues_pillars,
          minmay_misc_feat_columns, chequers_serial_rivers_small_3,
          chequers_serial_rivers_micro_c, minmay_fractal_squares_diagonal_5,
          uniq_duvessa
D:7:      minmay_octagon_keep, layout_cave_pools, old_standard_altar,
          hangedman_decor_growths, minivault_25, nicolae_shop_clearance
D:8:      layout_loops_ring, erik_lair_orcish_takeover, uniq_erica, uniq_harold
D:9:      minmay_cornered_nines, layout_small_grid, vehumet_statue,
          gammafunk_ghost_necromancy, minmay_nine_imps, uniq_psyche, uniq_pikel
D:10:     kennysheep_big_flooded_room, layout_layer_cave,
          mainiacjoe_overflow_brackets, mainiacjoe_overflow_chevrons,
          uniq_josephine
Temple:   corrupted_temple
Lair:1:   layout_concentric_octagons
Lair:2:   layout_cave_pods, minmay_shoals_entry_hut,
          guppyfry_snake_entry_garden, beast_lair_carwin_8
Lair:3:   layout_chaotic_city, serial_bayou_pond_a, infiniplex_staircase_pool
Lair:4:   layout_gridlike, uniq_nergalle
Lair:5:   layout_regular_city

Skill      XL: |  1  2  3  4  5  6  7  8  9 10 11 12 |
---------------+-------------------------------------+-----
Fighting       | 4 5 7 8 9 11 12 | 12.5
Long Blades    | 3 4 5 6 7 10 12 14 15 | 15.5
Armour         | 4 5 7 8 10 11 12 15 | 15.3
Dodging        | 1 2 3 4 |  4.1
Shields        | 4 5 6 7 8 |  8.9
Stealth        | 1 2 |  2.3
Evocations     | 1 2 3 |  3.2
Invocations    | |  0.8

Action                   |  1- 3 |  4- 6 |  7- 9 | 10-12 | 13-15 || total
-------------------------+-------+-------+-------+-------+-------++-------
Melee: Long sword        |    94 |   219 |   300 |    57 |       ||   670
       Headbutt          |     7 |    41 |    60 |   110 |    10 ||   228
       Scimitar          |       |       |       |   476 |    54 ||   530
Invok: Heroism           |       |       |       |     1 |     1 ||     2
Evoke: Wand              |       |       |    10 |    15 |       ||    25
  Use: Scroll            |       |     6 |     4 |     1 |       ||    11
       Potion            |       |       |       |     3 |     2 ||     5
Armor: Scale mail        |    72 |    78 |    10 |       |       ||   160
       Plate armour      |       |       |   145 |   214 |    37 ||   396
       Chain mail        |       |       |    14 |       |       ||    14
Dodge: Dodged            |    64 |    92 |   103 |   177 |    32 ||   468
Block: Buckler           |    25 |    44 |    85 |    97 |    16 ||   267
